 Dungeon Crawl Stone Soup version 0.20.1-1-g8b1a95d (webtiles) character file.

191 ErikD the Cudgeler (level 5, -3/47 HPs)
             Began as a Minotaur Monk on Oct 19, 2017.
             Slain by an orange demon (4 damage)
             ... on level 1 of the Abyss.
             The game lasted 00:05:22 (1197 turns).

ErikD the Cudgeler (Minotaur Monk)                  Turns: 1197, Time: 00:05:23

Health: -3/47      AC:  5    Str: 16    XL:     5   Next: 42%
Magic:  4/4        EV: 12    Int: 12    God:
Gold:   123        SH:  0    Dex: 13    Spells: 4/4 levels left

rFire    . . .     SeeInvis .   a - +0 mace
rCold    . . .     Gourm    .   (no shield)
rNeg     . . .     Faith    .   j - +0 ring mail
rPois    .         Spirit   .   (helmet restricted)
rElec    .         Reflect  .   (no cloak)
rCorr    .         Harm     .   (no gloves)
MR       .....                  (no boots)
Stlth    +.........             (no amulet)
Regen    0.2/turn               (no ring)
MPRegen  0.1/turn               (no ring)

@: brilliant, lethally poisoned (-3 -> -7)
A: retaliatory headbutt, horns 2, [deterioration 2]
a: no special abilities


You were on level 1 of the Abyss.
You were hungry.

You visited 1 branch of the dungeon, and saw 2 of its levels.
You visited the Abyss 1 time.

You collected 123 gold pieces.

Inventory:

Hand Weapons
 a - a +0 mace (weapon)
 l - a +1 hunting sling of velocity
Missiles
 q - 36 stones (quivered)
Armour
 b - a +0 robe
 f - a +0 robe of magic resistance
 j - a +0 ring mail (worn)
 p - a +0 pair of gloves
Jewellery
 m - an uncursed ring of see invisible {unknown}
Scrolls
 d - a scroll of identify {unknown}
 e - a scroll of immolation {unknown}
 i - 2 scrolls of remove curse {unknown}
 k - a scroll of noise {unknown}
 o - a scroll of random uselessness {unknown}
Books
 t - a book of Power

   Spells                             Type                      Level
   a - Iskenderun's Battlesphere      Conjuration/Charms           5
   b - Venom Bolt                     Conjuration/Poison           5
   c - Bolt of Magma                  Conjuration/Fire/Earth       5
   d - Iron Shot                      Conjuration/Earth            6
   e - Orb of Destruction             Conjuration                  7
   f - Spellforged Servitor           Conjuration/Summoning        7
Miscellaneous
 s - a sack of spiders
Comestibles
 c - a bread ration
 g - 5 fruits
 h - 2 meat rations
 r - 4 chunks of flesh


   Skills:
 + Level 4.7 Fighting
 + Level 5.6 Maces & Flails
 + Level 1.0 Armour
 + Level 4.1 Dodging
 + Level 2.2 Stealth


You had 4 spell levels left.
You didn't know any spells.

Dungeon Overview and Level Annotations

Branches:
Dungeon (2/15)

Altars:
Nemelex Xobeh

Annotations:
D:2 Robin


Innate Abilities, Weirdness & Mutations

You reflexively headbutt those who attack you in melee.
You have a pair of horns on your head.
[Your body often deteriorates upon taking damage.]


Message History

* * * LOW HITPOINT WARNING * * *
You feel sick.
You see here a runed centaur barding.
* * * LOW HITPOINT WARNING * * *
You feel sick. The orange demon closely misses you.
* * * LOW HITPOINT WARNING * * *
You feel sick.
* * * LOW HITPOINT WARNING * * *
You feel sick.
* * * LOW HITPOINT WARNING * * *
You feel sick.
* * * LOW HITPOINT WARNING * * *
You feel sick. The orange demon stings you from afar.
* * * LOW HITPOINT WARNING * * *
Some of the chunks of flesh in your inventory have rotted away.
Unknown command.
It was a potion of brilliance.
You feel clever all of a sudden. The orange demon stings you from afar.
You die...

#...# .# # ##.#
##.## .#
...5#..#.. . #
.#.#.# # . . #
.*#.#..###.
....###x#.
##..### ..#.##.
.#..#4.# # ## .#
#. #...#.#
...#.##..#..##@#
# .###.##x[#.###
.. ....# #.# .##
#5. . . ###..#
.## #.. ### ##..
.## . #.#.# .##
.. #


You could see an orange demon.

Vanquished Creatures
  Sigmund (D:2)
  A dart slug (D:1)
  A leopard gecko (D:2)
  A giant cockroach (D:1)
  8 goblins
  7 hobgoblins
  4 bats (D:1)
  A frilled lizard (D:1)
  4 kobolds
  4 rats (D:1)
32 creatures vanquished.

Notes
Turn   | Place    | Note
-------+----------+-------------------------------------------
     0 | D:1      | ErikD the Minotaur Monk began the quest for the Orb.
     0 | D:1      | Reached XP level 1. HP: 19/19 MP: 0/0
   160 | D:1      | Reached XP level 2. HP: 25/27 MP: 1/1
   161 | D:1      | Reached skill level 4 in Maces & Flails
   940 | D:2      | Noticed Sigmund
   955 | D:2      | Killed Sigmund
   955 | D:2      | Reached skill level 5 in Maces & Flails
   955 | D:2      | Reached skill level 1 in Armour
   955 | D:2      | Reached XP level 3. HP: 29/34 MP: 2/2
   955 | D:2      | Reached XP level 4. HP: 35/41 MP: 3/3
   955 | D:2      | Reached XP level 5. HP: 41/47 MP: 4/4
   988 | D:2      | Found a sparkling altar of Nemelex Xobeh.
  1053 | D:2      | Noticed Robin
  1072 | D:2      | Cast into level 1 of the Abyss (Robin)
  1166 | Abyss:1  | Noticed an orange demon
  1171 | Abyss:1  | Noticed a wretched star
  1173 | Abyss:1  | Noticed an anaconda zombie
  1196 | Abyss:1  | HP: 1/47 [orange demon (2)]
  1197 | Abyss:1  | Slain by an orange demon

Skill      XL: |  1  2 |
---------------+-------+-----
Maces & Flails | 5 |  5.6
Fighting       | 4 |  4.7
Armour         | 1 |  1.0
Dodging        | 4 |  4.1
Stealth        | 2 |  2.2

Action                   |  1- 3 |  4- 6 || total
-------------------------+-------+-------++-------
Melee: Mace              |    61 |    21 ||    82
       Headbutt          |     9 |     1 ||    10
Throw: Stone             |     1 |       ||     1
  Use: Potion            |       |     1 ||     1
 Stab: Sleeping          |     1 |     1 ||     2
Armor: Robe              |     4 |       ||     4
       Ring mail         |    16 |     6 ||    22
Dodge: Dodged            |    39 |    12 ||    51
